 Dungeon Crawl Stone Soup version 0.22.1-1-ga44c0e5 (webtiles) character file.

35 Lauz the Firebug (level 3, -1/19 HPs)
             Began as a Deep Elf Fire Elementalist on Nov 1, 2018.
             Killed from afar by Terence (12 damage)
             ... with a wand of flame (15)
             ... on level 2 of the Dungeon.
             The game lasted 00:03:07 (800 turns).

Lauz the Firebug (Deep Elf Fire Elementalist)        Turns: 800, Time: 00:03:07

Health: -1/19      AC:  2    Str:  5    XL:     3   Next: 16%
Magic:  7/9        EV: 13    Int: 20    God:
Gold:   97         SH:  0    Dex: 15    Spells: 4/8 levels left

rFire    . . .     SeeInvis .   (no weapon)
rCold    . . .     Gourm    .   (no shield)
rNeg     . . .     Faith    .   a - +0 robe
rPois    .         Spirit   .   (no helmet)
rElec    .         Reflect  .   (no cloak)
rCorr    .         Harm     .   (no gloves)
MR       .....                  (no boots)
Stlth    ++........             (no amulet)
HPRegen  0.06/turn              (no ring)
MPRegen  0.11/turn              (no ring)

@: no status effects
A: no striking features
a: no special abilities


You were on level 2 of the Dungeon.
You were not hungry.

You visited 1 branch of the dungeon, and saw 2 of its levels.

You collected 97 gold pieces.

Inventory:

Armour
 a - a +0 robe (worn)
Scrolls
 e - 2 scrolls of identify {unknown}
 g - a scroll of enchant armour {unknown}
 i - 2 scrolls of remove curse {unknown}
 j - 3 scrolls of teleportation {unknown}
Potions
 b - a potion of brilliance {unknown}
 d - a potion of mutation {unknown}
 f - a potion of lignification {unknown}
 h - 2 potions of curing {unknown}
Comestibles
 c - 2 rations


   Skills:
 + Level 2.8 Dodging
 - Level 2.4 Stealth
 + Level 3.4 Spellcasting
 * Level 1.9 Conjurations
 + Level 4.0 Fire Magic


You had 4 spell levels left.
You knew the following spells:

 Your Spells              Type           Power        Failure   Level  Hunger
a - Flame Tongue          Conj/Fire      ###..        4%          1    None
b - Conjure Flame         Conj/Fire      ###.....     12%         3    ###....

Your spell library contained the following spells:

 Spells                   Type           Power        Failure   Level  Hunger
 Throw Flame              Conj/Fire      ###...       6%          2    ##.....
 Inner Flame              Hex/Fire       ##......     19%         3    ###....
 Sticky Flame             Conj/Fire      ###.....     36%         4    ####...
 Fireball                 Conj/Fire      ###.......   73%         5    ######.


Dungeon Overview and Level Annotations

Branches:
Dungeon (2/15)

Altars:
Ashenzari

Annotations:
D:2 Sigmund, Terence


Message History

You start memorising the spell.
You continue memorising. x3
You finish memorising.
Spell assigned to 'b'.
Casting: Flame Tongue (safe; 4% risk of failure)
Confirm with . or Enter, or press ? or * to list all spells.
Aiming: Flame Tongue (safe; 4% risk of failure)
Press: ? - help, Shift-Dir - straight line, f - Terence
Aim: Terence, wielding a hand axe and wearing a chain mail The flame tongue hits Terence.
Terence appears unharmed.
Terence shouts, "Get ready for death!"
Terence zaps a wand.
The puff of flame hits you!
It is a wand of flame (15).
Casting: Flame Tongue (safe; 4% risk of failure)
Confirm with . or Enter, or press ? or * to list all spells.
Aiming: Flame Tongue (safe; 4% risk of failure)
Press: ? - help, Shift-Dir - straight line, f/p - Terence
Aim: Terence, wielding a hand axe, wearing a chain mail and carrying a wand of The flame tongue hits Terence.
Terence is lightly wounded.
Terence zaps a wand.
The puff of flame hits you!
Ouch! That really hurt!
You die...

# ..# # #.##
###########..#######
## ...(............>..
...
##########....##.##...
(......# #....#..@....
######.# #.......# #
#.# #####...#### ##
#.# #..@?..# .# #.#
##..##.# .#####.##
#..# # ........# #..#
........# ##.#
........# ...
........# ...
........# ?..
........#


You could see Terence.

Vanquished Creatures
  An ooze (D:1)
  2 dart slugs (D:1)
  2 leopard geckos
  4 bats
  A giant cockroach (D:1)
  4 goblins
  2 hobgoblins (D:1)
  3 kobolds
  2 frilled lizards (D:1)
  2 rats
23 creatures vanquished.

Notes
Turn   | Place    | Note
-------+----------+-------------------------------------------
     0 | D:1      | Lauz the Deep Elf Fire Elementalist began the quest for the
                  | Orb.
     0 | D:1      | Reached XP level 1. HP: 10/10 MP: 6/6
   130 | D:1      | Reached XP level 2. HP: 15/15 MP: 5/8
   686 | D:2      | Found a shattered altar of Ashenzari.
   707 | D:2      | Reached skill level 4 in Fire Magic
   707 | D:2      | Reached XP level 3. HP: 19/19 MP: 7/9
   757 | D:2      | Noticed Sigmund
   793 | D:2      | Noticed Terence
   799 | D:2      | Learned a level 3 spell: Conjure Flame
   800 | D:2      | Killed from afar by Terence

Skill      XL: |  1  2 |
---------------+-------+-----
Fire Magic     | 4 |  4.0
Dodging        | |  2.8
Stealth        | |  2.4
Spellcasting   | |  3.4
Conjurations   | |  1.9

Action                   || total
-------------------------++-------
 Cast: Flame Tongue      ||    36
Armor: Robe              ||     3
Dodge: Dodged            ||     7
